 Dungeon Crawl Stone Soup version 0.28-a0-932-g843f935a50 (webtiles) character file.

Game seed: 4379131653076259610

978 Randoe the Chopper (level 7, -3/63 HPs)
             Began as a Minotaur Berserker on Nov 27, 2021.
             Was a Priest of Trog.
             Killed by divine providence
             ... invoked by an orc priest
              (12 damage)
             ... on level 7 of the Dungeon.
             The game lasted 00:34:38 (6009 turns).

Randoe the Chopper (Minotaur Berserker)             Turns: 6009, Time: 00:34:38

Health: -3/63      AC:  8    Str: 21    XL:     7   Next: 95%
Magic:  6/6        EV: 11    Int:  6    God:    Trog [***...]
Gold:   221        SH:  0    Dex: 10    Spells: 6/6 levels left

rFire   . . .      SeeInvis .   j - +1 hand axe (freeze)
rCold   . . .      Faith    +   (no shield)
rNeg    . . .      Spirit   .   g - +0 scale mail
rPois   .          Reflect  .   (helmet restricted)
rElec   .          Harm     .   h - +0 cloak
rCorr   .          Rampage  .   (no gloves)
Will    ++...                   (no boots)
Stlth   ..........              c - amulet of faith
HPRegen 1.20/turn               (no ring)
MPRegen 0.10/turn               (no ring)

@: strong-willed, regenerating
A: horns 2, retaliatory headbutt
a: Renounce Religion, Berserk, Trog's Hand


You were on level 7 of the Dungeon.
You worshipped Trog.
Trog was most pleased with you.
You visited 1 branch of the dungeon, and saw 5 of its levels.

You collected 221 gold pieces.

Inventory:

Hand Weapons
 f - a +2 quarterstaff of chaos
 j - a +1 hand axe of freezing (weapon)
Missiles
 k - 10 poisoned darts
Armour
 b - a +0 animal skin
 e - a +0 ring mail
 g - a +0 scale mail (worn)
 h - a +0 cloak (worn)
Jewellery
 c - an amulet of faith (around neck)
Wands
 n - a wand of polymorph (10)
 p - a wand of mindburst (23)
 q - a wand of acid (8) (quivered)
Potions
 a - a potion of berserk rage
 d - 2 potions of curing
 i - a potion of attraction
 l - a potion of lignification
 m - a potion of might
 o - a potion of flight


   Skills:
 + Level 6.1 Fighting
 + Level 7.3 Axes
 + Level 6.1 Armour
 + Level 4.4 Dodging
 * Level 1.1 Evocations


You had 6 spell levels left.
You didn't know any spells.
Your spell library was empty.

Dungeon Overview and Level Annotations

Branches:
Dungeon (7/15)
 Temple: D:4-7

Altars:
Dithmenos
Vehumet
Xom


Innate Abilities, Weirdness & Mutations

You have a pair of horns on your head.
You reflexively headbutt those who attack you in melee.


Message History

Press: ? - help, Dir - move target, f - orc warrior
Aim: an orc warrior, wielding a +0 scimitar, wearing a +0 chain mail and quivering boomerangs (about 38% to evade your +1 hand axe of freezing)
You closely miss the orc warrior. Your headbutt misses the orc warrior.
The orc warrior hits you with a +0 scimitar!
Aiming: Corrosive Bolt
Press: ? - help, Q - select action, (/) - cycle Shift-Dir - straight line, f - orc priest, p - orc warrior
Aim: an orc priest, wielding a +0 whip and wearing a +0 ring mail (75% to hit)
The bolt of acid hits the orc warrior!
The acid corrodes the orc warrior!
The orc warrior is heavily wounded.
The bolt of acid hits the orc!
The acid corrodes the orc!
You kill the orc!
Trog accepts your kill.
The bolt of acid hits the orc!
You kill the orc!
Trog accepts your kill.
The bolt of acid misses the killer bee.
The bolt of acid hits the orc priest!
The acid corrodes the orc priest!
The orc priest is severely wounded.
You hear an angry buzzing noise. x3
The orc warrior hits you with a +0 scimitar!
You hear an angry buzzing noise.
You barely miss the orc warrior. Your headbutt misses the orc warrior.
The orc warrior is heavily wounded.
You hear an angry buzzing noise. x2
The orc warrior hits you with a +0 scimitar!
* * * LOW HITPOINT WARNING * * *
You hit the orc warrior. You freeze the orc warrior.
Your headbutt misses the orc warrior.
The orc warrior is heavily wounded.
The orc priest begins to cast a cantrip, but forgets the words!
The orc warrior barely misses you.
You barely miss the orc warrior.
The orc warrior is heavily wounded.
The orc warrior hits you with a +0 scimitar.
* * * LOW HITPOINT WARNING * * *
Your skin crawls.
You feel strong-willed.
The orc priest calls down the wrath of Beogh upon you.
Beogh smites you!
You die...

#### ##### ...# #...#
...# ###...##########.#
...# #.'...'..)@oyo...#
...####.#...############
...+..#)#...#
...##.#.#...#
...##.#.#####
##.##.#.###########
##.................
##>.......))....[..
#####.#.###########


You could see an orc warrior (corroded), a killer bee and an orc priest
(corroded).

Vanquished Creatures
  Menkaure (D:4)
  A steam dragon (D:3)
  A black bear (D:3)
  A necrophage (D:4)
  A centaur (D:7)
  A jelly (D:7)
  Crazy Yiuf (D:2)
  An orc priest (D:3)
  Jessica (D:2)
  Ijyb (D:4)
  2 iguanas
  2 orc wizards
  A hound skeleton (D:4)
  2 howler monkey skeletons
  4 gnolls (D:2)
  3 river rats (D:3)
  4 adders
  An adder skeleton (D:4)
  4 worms
  2 dart slugs
  19 orcs
  5 endoplasms
  3 giant cockroaches
  3 hobgoblins
  6 jackals
  2 quokkas
  5 ball pythons
  A bat (D:1)
  A frilled lizard (D:1)
  9 goblins
  7 kobolds
  8 rats
104 creatures vanquished.

Notes
Turn   | Place    | Note
-------+----------+-------------------------------------------
     0 | D:1      | Randoe the Minotaur Berserker began the quest for the Orb.
     0 | D:1      | Reached XP level 1. HP: 19/19 MP: 0/0
    70 | D:1      | Found a faded altar of an unknown god.
   511 | D:1      | Reached XP level 2. HP: 27/27 MP: 1/1
   514 | D:1      | Reached skill level 4 in Axes
  1147 | D:2      | Found a shadowy altar of Dithmenos.
  1245 | D:2      | Found a runed translucent door.
  1246 | D:2      | Noticed Crazy Yiuf
  1304 | D:2      | Noticed Jessica
  1319 | D:2      | Reached XP level 3. HP: 34/34 MP: 2/2
  1324 | D:2      | Reached ** piety under Trog
  1329 | D:2      | Killed Jessica
  1330 | D:2      | Reached XP level 4. HP: 30/41 MP: 3/3
  1852 | D:2      | Reached skill level 5 in Axes
  1890 | D:2      | Reached skill level 5 in Fighting
  2347 | D:2      | Killed Crazy Yiuf
  2348 | D:2      | Reached XP level 5. HP: 34/48 MP: 0/4
  2548 | D:3      | Found a radiant altar of Vehumet.
  3008 | D:3      | Noticed a black bear
  3028 | D:3      | Killed a black bear
  3029 | D:3      | Reached XP level 6. HP: 56/56 MP: 5/5
  3107 | D:3      | Noticed a steam dragon
  3116 | D:3      | Killed a steam dragon
  3370 | D:3      | Reached *** piety under Trog
  3371 | D:3      | Reached skill level 5 in Armour
  3939 | D:3      | Reached skill level 6 in Axes
  3964 | D:3      | Reached XP level 7. HP: 62/62 MP: 6/6
  4709 | D:4      | Noticed Ijyb
  4717 | D:4      | Killed Ijyb
  4767 | D:4      | Identified the +12 hunting sling "Akarah" {venom, Dex+2}
  4925 | D:4      | Noticed Menkaure
  4936 | D:4      | Killed Menkaure
  5749 | D:7      | Reached skill level 7 in Axes
  5921 | D:7      | Found a shimmering altar of Xom.
  5995 | D:7      | Reached skill level 1 in Evocations
  6009 | D:7      | Killed from afar by an orc priest

Illustrated notes

Levels and vault maps discovered:
D:1:      wander_arrival_lonely_grave, layout_basic,
          ebering_ecumenical_altar_abandoned, grunt_decor_resistance,
          supply_closet_lemuel, minivault_24, minmay_pentomino_u4
D:2:      layout_basic, basic_altar, uniq_crazy_yiuf_cottage, uniq_jessica
D:3:      layout_loops_ring, overflow_temple_1_default,
          lightli_sewer_entry_pipes, chequers_serial_rivers_small_b,
          chequers_serial_rivers_small_b
D:4:      layout_basic, uniq_menkaure, uniq_ijyb
D:7:      layout_basic, mainiacjoe_overflow_chevrons

Skill      XL: |  1  2  3  4  5  6  7 |
---------------+----------------------+-----
Axes           | 4 5 6 7 |  7.3
Fighting       | 4 5 6 |  6.1
Armour         | 3 4 5 6 |  6.1
Dodging        | 3 4 |  4.4
Evocations     | 1 |  1.1

Action                   |  1- 3 |  4- 6 |  7- 9 || total
-------------------------+-------+-------+-------++-------
Melee: Hand axe          |    62 |   137 |    88 ||   287
       Headbutt          |    12 |    26 |    17 ||    55
Throw: Dart              |       |       |     1 ||     1
Invok: Berserk           |     1 |     1 |       ||     2
       Trog's Hand       |       |       |     1 ||     1
Evoke: Wand              |       |       |     1 ||     1
  Use: Scroll            |     1 |     1 |     6 ||     8
Armor: Animal skin       |     8 |       |       ||     8
       Ring mail         |     3 |     8 |       ||    11
       Scale mail        |       |    33 |    25 ||    58
Dodge: Dodged            |    46 |    64 |    49 ||   159

Table legend: (Time is in decaauts)
 A = Elapsed time spent in this place.
 B = Non-inter-level travel time spent in this place.
 C = Inter-level travel time spent in this place.
 D = Time resting spent in this place.
 E = Time spent auto-exploring this place.
 F = Levels seen in this place.
 G = Mean time per level.
                   A        B        C        D        E       F      G
               +--------+--------+--------+--------+--------+-----+--------+
         Total |   6057 |   5800 |    257 |   2321 |   2685 |   5 | 1211.4 |
       Dungeon |   6057 |   5800 |    257 |   2321 |   2685 |   5 | 1211.4 |
               +--------+--------+--------+--------+--------+-----+--------+

Top non-repeatable levels by time:
     D:3: 1780 daAuts
     D:4: 1429 daAuts
     D:2: 1404 daAuts
     D:1: 1098 daAuts
     D:7: 344 daAuts
